Map: Blackrock LE

Players

RipNHammer

  • Race: Terran Terran
  • League: Master
  • Spawn Location: 1:00

Fexx - Winner!

  • Race: Terran Terran
  • League: Master
  • Spawn Location: 7:00

VOD

Have the link to the VOD?

Description

Time

  • Played on: Sept. 6, 2026, 5:39 p.m.
  • Length: 10:27
Show
View Real Time Build Order
Export as new Build Order

RipNHammer Terran 

Build Orders: Reaper Expand 

Get SALT Encoding   

  8  0:00  SCV  
  9  0:12  SCV  
  10  0:24  SCV  
  11  0:36  SCV  
  11  0:41  Supply Depot  
  12  0:49  SCV  
  13  1:02  SCV  
  14  1:04  Barracks  
  14  1:08  Refinery  
  14  1:15  SCV  
  15  1:19  Refinery  
  15  1:27  SCV  
  16  1:39  SCV  
  17  1:52  Reaper, Orbital Command  
  18  2:08  Factory  
  17  2:17  SCV  
  18  2:27  Barracks Reactor  
  18  2:29  Supply Depot  
  18  2:32  SCV  
  19  2:45  SCV  
  20  2:58  Command Center, Factory Tech Lab  
  20  2:59  SCV  
  21  3:10  Starport  
  21  3:11  SCV  
  22  3:13  Marine  
  22  3:14  Marine  
  24  3:24  Cyclone  
  27  3:28  SCV  
  28  3:39  Supply Depot  
  28  3:41  SCV  
  29  4:00  SCV  
  30  4:03  Starport Tech Lab  
  30  4:05  Marine x2  
  31  4:11  Orbital Command  
  31  4:12  Refinery, SCV  
  32  4:20  Siege Tank  
  35  4:24  SCV  
  35  4:29  Raven  
  35  4:30  Interference Matrix  
  38  4:36  SCV  
  38  4:37  SCV  
  40  4:41  Marine x2  
  42  4:46  Refinery  
  42  4:48  SCV  
  42  4:49  SCV  
  44  4:54  Supply Depot  
  44  4:58  Siege Tank  
  47  5:01  SCV  
  48  5:07  Raven  
  48  5:12  Supply Depot  
  50  5:16  SCV  
  51  5:26  Marine x2  
  51  5:27  SCV  
  54  5:31  Command Center  
  54  5:34  SCV  
  55  5:37  Supply Depot  
  55  5:39  SCV  
  56  5:46  SCV, Siege Tank  
  60  5:51  SCV  
  61  5:58  SCV  
  61  6:01  Factory  
  59  6:08  SCV  
  57  6:38  SCV  
  57  6:39  SCV  
  59  6:50  SCV  
  58  6:56  Cyclone  
  58  6:58  Siege Tank  
  62  7:04  Viking  
  62  7:05  Viking  
  62  7:06  Orbital Command  
  66  7:21  Supply Depot  
  66  7:24  Supply Depot  
  66  7:28  Cyclone, Mag-Field Accelerator  
  69  7:31  Siege Tank  
  50  8:20  Siege Tank  
  50  8:21  Cyclone  
  50  8:22  SCV, Marine  
  55  8:49  Orbital Command  
  55  8:55  Siege Tank  
  57  8:56  SCV x2  
  55  9:15  Siege Tank  
  55  9:17  Starport, Marine  
  48  9:45  SCV x2  
  50  9:46  SCV  
  50  9:47  Cyclone  
  50  9:50  Factory  
  54  10:05  SCV x2  
  59  10:10  SCV  
  60  10:17  Starport Tech Lab  
Show
View Real Time Build Order
Export as new Build Order

Fexx Terran - Winner!

Build Orders:  

Get SALT Encoding   

  8  0:00  SCV  
  9  0:12  SCV  
  10  0:25  SCV  
  11  0:29  Supply Depot  
  11  0:37  SCV  
  12  0:49  SCV  
  13  0:54  Barracks  
  13  1:01  SCV  
  14  1:05  Refinery  
  14  1:13  SCV  
  14  1:17  Refinery  
  15  1:25  SCV  
  16  1:41  Orbital Command, Marine  
  17  1:57  Factory  
  17  2:05  Reaper  
  17  2:07  SCV  
  19  2:16  Supply Depot  
  19  2:19  SCV  
  20  2:31  SCV  
  21  2:41  Factory Tech Lab  
  21  2:42  Barracks Reactor  
  21  2:43  SCV  
  22  2:52  Command Center  
  22  2:58  SCV  
  23  3:05  Cyclone  
  26  3:10  Supply Depot, SCV  
  27  3:22  SCV  
  27  3:23  Marine  
  29  3:34  SCV  
  29  3:37  Siege Tank  
  33  3:42  Marine x2  
  33  3:46  SCV  
  36  3:52  Starport  
  35  3:58  SCV  
  36  4:03  Marine  
  36  4:06  Marine  
  37  4:19  SCV, Refinery  
  37  4:20  Siege Tank  
  41  4:32  Supply Depot  
  41  4:33  SCV  
  41  4:35  Orbital Command  
  42  4:39  Liberator  
  42  4:41  Marine  
  46  4:45  SCV  
  46  4:51  Viking  
  49  4:58  SCV  
  50  5:00  Supply Depot, SCV  
  51  5:08  Marine  
  51  5:09  Siege Tank  
  51  5:13  SCV x2  
  57  5:21  Viking  
  57  5:26  SCV  
  57  5:27  SCV  
  61  5:28  Supply Depot  
  61  5:31  Refinery, Marine  
  61  5:33  Viking  
  64  5:50  Siege Tank  
  64  5:51  SCV x2, Viking  
  70  5:59  Marine  
  71  6:16  Marine  
  71  6:32  Siege Tank  
  73  6:34  Marine  
  73  6:39  SCV  
  74  6:41  SCV  
  74  6:43  Liberator  
  74  6:51  Viking  
  72  7:01  SCV x2  
  72  7:06  Command Center  
  73  7:24  Marine  
  74  7:32  SCV  
  74  7:34  SCV  
  74  8:10  Viking, SCV  
  74  8:12  Marine, SCV  
  73  8:18  Liberator, Siege Tank  
  78  8:27  SCV x2  
  78  8:32  Command Center  
  80  8:36  Engineering Bay  
  80  8:42  Armory, Factory  
  80  8:50  Siege Tank  
  80  9:09  Liberator  
  80  9:10  Viking  
  80  9:11  Marine  
  80  9:12  SCV  
  87  9:18  Missile Turret  
  87  9:28  Factory  
  87  9:33  SCV x2  
  79  9:52  Factory Tech Lab  
  79  9:53  Siege Tank  
  79  9:55  Factory, Viking  
  79  9:56  Marine  
  79  9:58  Orbital Command  
Tags
 
Matchup
TvT
Race
Terran
Replay Pack
RipNHammer
Spawn Locations
Cross Positions
Add a new tag
Caveats
  • Supply blocks, unpowered buildings, or Contaminate may cause inaccurate times.
  • Supply counts are checked every 10 seconds.